 Dungeon Crawl Stone Soup version 0.18-b1-16-g289874d (webtiles) character file.

131 Inkary the Insei (level 4, -5/37 HPs)
             Began as a Draconian Transmuter on May 2, 2016.
             Was an Initiate of Yredelemnul.
             Slain by Sigmund
             ... wielding a +0 scythe
              (7 damage)
             ... on level 3 of the Dungeon.
             The game lasted 00:08:13 (1978 turns).

Inkary the Insei (Draconian Transmuter)             Turns: 1978, Time: 00:08:13

Health: -5/37      AC:  5    Str: 12    XL:     4   Next: 91%
Magic:  6/7        EV: 12    Int: 14    God:    Yredelemnul [......]
Gold:   102        SH:  0    Dex: 12    Spells: 1 memorised, 6 levels left

rFire  . . .     SeeInvis .       - Unarmed
rCold  . . .     Gourm    .     (armour unavailable)
rNeg   . . .     Faith    .     (no shield)
rPois  .         Spirit   .     (helmet restricted)
rElec  .         Dismiss  .     (no cloak)
rCorr  .         Reflect  .     (no gloves)
SustAt .         Harm     .     (boots currently unavailable)
MR     .....                    (no amulet)
Stlth  +.........               (no ring)
                                (no ring)

@: confused, appendage, not resistant to hostile enchantments, very unstealthy
A: unfitting armour, talons 3, cold-blooded, AC +5
a: End Transformation, Renounce Religion


You were on level 3 of the Dungeon.
You worshipped Yredelemnul.
Yredelemnul was noncommittal.
You were not hungry.
You had grown temporary talons.
You visited 1 branch of the dungeon, and saw 3 of its levels.

You collected 102 gold pieces.

Inventory:

Missiles
 a - 29 arrows
Jewellery
 k - an uncursed ring of ice {unknown}
 o - an uncursed ring of magical power {unknown}
 r - a +3 ring of dexterity {unknown}
Wands
 l - a wand of slowing (13/48)
Scrolls
 d - a scroll of random uselessness {unknown}
 e - 6 scrolls of identify {unknown}
 h - a scroll of noise {unknown}
 j - 2 scrolls of amnesia {unknown}
 m - 2 scrolls of enchant weapon {unknown}
 s - a scroll of blinking {unknown}
Potions
 g - a potion of mutation {unknown}
Books
 b - a book of Changes

   Spells                             Type                      Level
   a - Beastly Appendage              Transmutation                1
   b - Sticks to Snakes               Transmutation                2
   c - Spider Form                    Transmutation/Poison         3
   d - Ice Form                       Ice/Transmutation            4
   e - Blade Hands                    Transmutation                5
Comestibles
 c - 3 bread rations
 f - 2 beef jerkies
 i - a meat ration
 n - 4 fruits
 q - 4 chunks of flesh


   Skills:
 + Level 2.9 Fighting
 + Level 2.5 Dodging
 + Level 3.9 Unarmed Combat
 - Level 2.2 Spellcasting
 + Level 2.7 Transmutations


You had 6 spell levels left.
You knew the following spells:

 Your Spells              Type           Power        Failure   Level  Hunger
a - Beastly Appendage     Trmt           #.....       10%         1    #......


Dungeon Overview and Level Annotations

Branches:
Dungeon (3/15)

Altars:
Yredelemnul

Annotations:
D:3 Sigmund


Innate Abilities, Weirdness & Mutations

Your plain brown scales are hard (AC +5).
Your body does not fit into most forms of armour.
You are cold-blooded and may be slowed by cold attacks.
You have claws for feet.


Message History

Sigmund is moderately wounded.
The rat barely misses you. Sigmund misses you.
You hit Sigmund. Your kick misses Sigmund.
Sigmund is heavily wounded.
The rat barely misses you.
You hit Sigmund. You claw Sigmund.
Sigmund is heavily wounded.
Sigmund gestures at you while chanting.
You are confused.
The rat barely misses you. Sigmund closely misses you.
The rat barely misses you.
You hit the rat. You claw the rat, but do no damage.
The rat is heavily wounded.
The rat barely misses you.
Sigmund hits you from afar with a scythe.
* * * LOW HITPOINT WARNING * * *
You're too confused to move!
Sigmund hits you from afar with a scythe!
You die...
Your body rises from the dead as a mindless zombie.

#############.#
##%...@........#
.......r@#.#####
##.#####.#..#
#.#.#.#.#.##
#.#.#.#.#.#
.#.#.#.#.###
##.#.#)#.#.#..#
##.#.#.#.#.#.#.######
..#.#.#.#.#.#.......#
#.#.#.#.#รท#.######.#


You could see Sigmund and a rat.

Vanquished Creatures
  Jessica (D:2)
  4 gnolls (D:2)
  2 adders
  A worm (D:2)
  A dart slug (D:3)
  A giant gecko (D:1)
  6 bats
  2 giant cockroaches
  3 hobgoblins (D:2)
  5 jackals
  2 kobolds
  A ball python (D:2)
  4 giant newts
  7 goblins
  7 rats
47 creatures vanquished.

Notes
Turn   | Place    | Note
--------------------------------------------------------------
     0 | D:1      | Inkary the Draconian Transmuter began the quest for the Orb.
     0 | D:1      | Reached XP level 1. HP: 16/16 MP: 3/3
   256 | D:1      | Reached XP level 2. HP: 16/23 MP: 3/5
   912 | D:2      | Noticed Jessica
   919 | D:2      | Killed Jessica
   919 | D:2      | Reached XP level 3. HP: 25/29 MP: 4/6
   946 | D:2      | Reached XP level 4. HP: 18/36 MP: 5/7
  1426 | D:2      | Found a basalt altar of Yredelemnul.
  1685 | D:2      | Became a worshipper of Yredelemnul the Dark
  1963 | D:3      | Noticed Sigmund
  1978 | D:3      | Slain by Sigmund

Skill      XL: |  1  2 |
---------------+-------+-----
Dodging        | 2 |  2.5
Fighting       | 2 |  2.9
Unarmed Combat | |  3.9
Spellcasting   | |  2.2
Transmutations | |  2.7

Action                   |  1- 3 |  4- 6 || total
-------------------------+-------+-------++-------
Melee: Unarmed           |    83 |    71 ||   154
       Punch             |     2 |     2 ||     4
       Kick              |     5 |     3 ||     8
       Tailslap          |     3 |     5 ||     8
       Headbutt          |     6 |     4 ||    10
 Cast: Beastly Appendage |     8 |     7 ||    15
  Use: Potion            |       |     2 ||     2
 Stab: Sleeping          |       |     1 ||     1
  Eat: Chunk             |       |     4 ||     4
Armor: Skin              |    20 |    29 ||    49
Dodge: Dodged            |    57 |    61 ||   118
